Workbook
Name \0: #REF!
Name \00: #REF!
Name \a: #REF!
Name \a: #REF!
Name \a: #REF!
Name \a: #REF!
Name \a: #REF!
Name \a: #REF!
Name \AA: [1]LIQUIDACION!#REF!
Name \b: [2]STRSUMM0!#REF!
Name \bb: [2]STRSUMM0!#REF!
Name \E: #REF!
Name \EE: #REF!
Name \G: #REF!
Name \k: '[3]7422CW00'!#REF!
Name \l: [4]STRSUMM0!#REF!
Name \M: #REF!
Name \ñ: '[5]7422CW00'!#REF!
Name \P: #REF!
Name \R: #REF!
Name \s: #REF!
Name \s: #REF!
Name \s: #REF!
Name \s: #REF!
Name \s: #REF!
Name \s: #REF!
Name \V: #REF!
Name \X: AIU!ERR
Name \X: 'APU 1'!ERR
Name \X: 'APU 2'!ERR
Name \X: 'APU 3'!ERR
Name \X: 'APU 4'!ERR
Name \X: 'APU 5'!ERR
Name \X: [0]!ERR
Name \Z: AIU!ERR
Name \Z: 'APU 1'!ERR
Name \Z: 'APU 2'!ERR
Name \Z: 'APU 3'!ERR
Name \Z: 'APU 4'!ERR
Name \Z: 'APU 5'!ERR
Name \Z: [0]!ERR
Name _________AFC1: [6]INV!$A$25:$D$28
Name _________AFC3: [6]INV!$F$25:$I$28
Name _________AFC5: [6]INV!$K$25:$N$28
Name _________BGC1: [6]INV!$A$5:$D$8
Name _________BGC3: [6]INV!$F$5:$I$8
Name _________BGC5: [6]INV!$K$5:$N$8
Name _________CAC1: [6]INV!$A$19:$D$22
Name _________CAC3: [6]INV!$F$19:$I$22
Name _________CAC5: [6]INV!$K$19:$N$22
Name _________PJ50: #REF!
Name _________PJ50: #REF!
Name _________PJ50: #REF!
Name _________PJ50: #REF!
Name _________PJ50: #REF!
Name _________PJ50: #REF!
Name _________SBC1: [6]INV!$A$12:$D$15
Name _________SBC3: [6]INV!$F$12:$I$15
Name _________SBC5: [6]INV!$K$12:$N$15
Name ________AFC1: [6]INV!$A$25:$D$28

Sheet PRESUPUESTO OFICIAL (Entidad)
C3: Formulario 1 - Propuesta económica - Documento tipo de selección abreviada de menor cuantía - versión 2
C4: Código | D4: CCE-EICP-FM-25 | E4: Versión | F4: 2
C6: FORMULARIO 1
C7: PRESUPUESTO OFICIAL
C8: [La entidad puede utilizar este formulario de detalle del presupuesto oficial para determinar las condiciones bajo las cuales los proponentes analizarán y presentarán su propuesta económica de forma detallada, sin perjuicio que la entidad pueda modificarlo o establecer la presentación de la oferta económica con un formulario distinto al indicado.]
C10: Adicionalmente, cuando el proceso de contratación es estructurado por precios unitarios, la Entidad debe aplicar las notas 1, 2 y 3 del presente formulario y las casillas de "Descripción", "Porcentaje" de la Administración, Imprevisto, Utilidad y total A.I.U. resaltadas en colo amarillo. Tratándose de otras modalidades de precio, la Entidad puede o no configurar los mismos aspectos.
C12: Nº | D12: ITEM DE PAGO | E12: ESPECIFICACIONES | G12: DESCRIPCION | H12: UND. | I12: CANTIDAD | J12: VALOR UNITARIO | K12: VALOR TOTAL
E13: GENERAL | F13: PARTICULAR
C14: 1 | D14: 1 | G14: ROCERÍA Y LIMPIEZA MANUAL Y/O CON EQUIPO, CONTROL DE MALEZA Y CRECIMIENTO DE MATERIAL VEGETAL (INCLUYE RETIRO Y DISPOSICIÓN FINAL) | H14: MES | I14: 9 | J14: =+ROUND('APU 1'!O71,0) -> 23069054 | K14: =+ROUND(J14*I14,0) -> 207621486
C15: 2 | D15: 2 | G15: MANTENIMIENTO DE JARDINES (INCLUYE DISPOSICIÓN FINAL Y CONTROL DE MALEZA Y CRECIMIENTO DE MATERIAL VEGETAL) | H15: MES | I15: =+I14 -> 9 | J15: =+ROUND('APU 2'!O74,0) -> 10521651 | K15: =+ROUND(J15*I15,0) -> 94694859
C16: 3 | D16: 3 | G16: LIMPIEZA DE CANALES Y CUNETAS (INCLUYE RETIRO Y DISPOSICIÓN FINAL) | H16: MES | I16: 3 | J16: =+ROUND('APU 3'!O74,0) -> 8348562 | K16: =+ROUND(J16*I16,0) -> 25045686
C17: 4 | D17: 4 | G17: DESCOPE Y LIMPIEZA DE CERCA VIVA EN ALTURAS SUPERIORES A 2,50 - 6 M(INCLUYE RETIRO Y DISPOSICION FINAL) | H17: UND | I17: 1 | J17: =+'APU 4'!O71 -> 11810164 | K17: =+ROUND(J17*I17,0) -> 11810164
C18: 5 | D18: 5 | G18: OPERARIO DE SERVICIOS VARIOS | H18: MES | I18: 9 | J18: =+'APU 5'!O74 -> 5011904.1 | K18: =+ROUND(J18*I18,0) -> 45107137
C20: Subtotal
C21: SUBTOTAL OBRAS | K21: =SUM(K14:K20) -> 384279332
G26: SUBTOTAL OBRAS (INCLUYE IVA) | K26: =+K21 -> 384279332
G30: VALOR TOTAL | K30: =+K26 -> 384279332
C33: NOTA 1: Se debe tener en cuenta que el PRECIO UNITARIO incluye el valor de A.I.U. | H33: DESCRIPCION | K33: PORCENTAJE
C34: NOTA 2: Cuando la fracción decimal del peso sea igual o superior a 5 se aproximara por exceso al número entero siguiente del peso y cuando la fracción decimal del peso sea inferior a 5 se aproximará por defecto al número entero del peso. | H34: ADMINISTRACION | J34: A= | K34: 0.28
C35: NOTA 3: El A.I.U y su discriminación deben estar en porcentaje (%). | H35: IMPREVISTO | J35: I= | K35: 0
H36: UTILIDAD | J36: U= | K36: 0.05
H37: TOTAL A.I.U | J37: A.I.U.= | K37: =SUM(K34:K36) -> 0.33

Sheet PROPUESTA ECONOMICA(Proponente)
C3: Formulario 1 - Propuesta económica - Documento tipo de selección abreviada de menor cuantía - versión 2
C4: Código | D4: CCE-EICP-FM-25 | E4: Versión | F4: 2
C6: FORMULARIO 1
C7: PROPUESTA ECONOMICA
C8: [La entidad puede utilizar este formulario de presentación de propuesta económica de forma detallada, sin perjuicio que la entidad pueda modificarlo o establecer la presentación de la oferta económica con un formulario distinto al indicado.] [Los proponentes emplearán el formulario establecido por la entidad para determinar su propuesta económica conforme al Formulario 1 - Presupuesto Oficial publicado por la Entidad]
C10: Cuando el proceso de contratación es estructurado por precios unitarios, la Entidad debe aplicar las notas 1, 2 y 3 del presente formato y las casillas de "Descripción", "Porcentaje" de la Administración, Imprevisto, Utilidad y total A.I.U. resaltadas en color amarillo.
C12: Nº | D12: ITEM DE PAGO | E12: ESPECIFICACIONES | G12: DESCRIPCION | H12: UND. | I12: CANTIDAD | J12: VALOR UNITARIO | K12: VALOR TOTAL
E13: GENERAL | F13: PARTICULAR
C14: 1 | D14: 1 | G14: ROCERÍA Y LIMPIEZA MANUAL Y/O CON EQUIPO, CONTROL DE MALEZA Y CRECIMIENTO DE MATERIAL VEGETAL (INCLUYE RETIRO Y DISPOSICIÓN FINAL) | H14: MES | I14: 9
C15: 2 | D15: 2 | G15: MANTENIMIENTO DE JARDINES (INCLUYE DISPOSICIÓN FINAL Y CONTROL DE MALEZA Y CRECIMIENTO DE MATERIAL VEGETAL) | H15: MES | I15: =+I14 -> 9
C16: 3 | D16: 3 | G16: LIMPIEZA DE CANALES Y CUNETAS (INCLUYE RETIRO Y DISPOSICIÓN FINAL) | H16: MES | I16: 3
C17: 4 | D17: 4 | G17: DESCOPE Y LIMPIEZA DE CERCA VIVA EN ALTURAS SUPERIORES A 2,50 - 6 M(INCLUYE RETIRO Y DISPOSICION FINAL) | H17: UND | I17: 1
C18: 5 | D18: 5 | G18: OPERARIO DE SERVICIOS VARIOS | H18: MES | I18: 9
C21: Subtotal
C22: SUBTOTAL OBRAS
G27: SUBTOTAL OBRAS (INCLUYE IVA)
G31: VALOR TOTAL
C34: NOTA 1: Se debe tener en cuenta que el PRECIO UNITARIO incluye el valor de A.I.U. | H34: DESCRIPCION | K34: PORCENTAJE
C35: NOTA 2: Cuando la fracción decimal del peso sea igual o superior a 5 se aproximara por exceso al número entero siguiente del peso y cuando la fracción decimal del peso sea inferior a 5 se aproximará por defecto al número entero del peso. | H35: ADMINISTRACION | J35: A= | K35: [Ofrecimiento del Proponente]
C36: NOTA 3: El A.I.U y su discriminación deben estar en porcentaje (%). | H36: IMPREVISTO | J36: I= | K36: [Ofrecimiento del Proponente]
H37: UTILIDAD | J37: U= | K37: [Ofrecimiento del Proponente]
H38: TOTAL A.I.U | J38: A.I.U.= | K38: [Ofrecimiento del Proponente]
G41: Firma del Proponente o de su Representante Legal

Sheet AIU
C4: GOBERNACIÓN DE CALDAS
C5: INSTITUTO DE FINANCIAMIENTO, PROMOCIÓN Y DESARROLLO DE CALDAS
C6: CALCULO A.I.U.
I9: FECHA
J10: (Día) | K10: (Mes) | L10: (Año)
C12: OBRA: Realizar el mantenimiento de las zonas verdes, poda cercas vivas y limpieza de mallas y mantenimiento de jardines en el aeropuerto La Nubia de Manizales, Caldas.
C16: Valor estimado de la Obra | F16: Valor | G16: =+'PRESUPUESTO OFICIAL (Entidad)'!K30 -> 384279332
C17: Plazo estimado de ejecución | F17: Meses | G17: 9
C19: CAPITULO | D19: TIPO DE GASTO | E19: UN | F19: CANTIDAD. | G19: Destinación | H19: VLOR UNITARIO (mes) | I19: Factor Prestacional. | J19: VLOR TOTAL | K19: SUMA | L19: PORCENTAJE
C21: 1 | D21: GASTOS GENERALES. | L21: =+L22 -> 0.13953594
C22: 1.1 | D22: MANO DE OBRA | K22: =SUM(J23:J26) -> 53620776 | L22: =+K22/$G$16 -> 0.13953594
D23: Encargado | E23: Un | F23: 1 | G23: 1 | H23: 2000000 | I23: 0.489466 | J23: =+F23*G23*$G$17*H23*(1+I23) -> 26810388
D24: Inspector SST | E24: Un | F24: 1 | G24: 1 | H24: 2000000 | I24: 0.489466 | J24: =+F23*G23*$G$17*H23*(1+I23) -> 26810388
C27: 2 | D27: GASTOS INDIRECTOS. | L27: =+L31+L36 -> 0.1445
C28: 2.1 | D28: LEGALIZACION.
D29: Factor Multiplicador
C31: 2.2 | D31: POLIZAS | K31: =SUM(J32:J35) -> 4150216.8 | L31: =+K31/$G$16 -> 0.0108
D32: Cumplimiento | E32: % | F32: 0.0004 | H32: =+$G$16 -> 384279332 | J32: =+H32*F32 -> 153711.73 | L32: =+J32/$G$16 -> 0.0004
D33: Estabilidad | E33: % | F33: 0.0056 | H33: =+$G$16 -> 384279332 | J33: =+H33*F33 -> 2151964.3 | L33: =+J33/$G$16 -> 0.0056
D34: Pago de salarios, prestaciones sociales legales e indemnizaciones laborales | E34: % | F34: 0.0029 | H34: =+$G$16 -> 384279332 | J34: =+H34*F34 -> 1114410.1 | L34: =+J34/$G$16 -> 0.0029
D35: Responsabilidad Civil | E35: % | F35: 0.0019 | H35: =+$G$16 -> 384279332 | J35: =+H35*F35 -> 730130.73 | L35: =+J35/$G$16 -> 0.0019
C36: 2.3 | D36: IMPUESTOS Y VALORES AGREGADOS | K36: =SUM(J37:J43) -> 51378147 | L36: =+K36/$G$16 -> 0.1337
D37: Contribución Especial (Seguridad Ciudadana) | E37: % | F37: 0.05 | H37: =+$G$16 -> 384279332 | J37: =+H37*F37 -> 19213967 | L37: =+J37/$G$16 -> 0.05
D38: Estampillas para el bienestar del adulto mayor | E38: % | F38: 0.03 | H38: =+$G$16 -> 384279332 | J38: =+H38*F38 -> 11528380 | L38: =+J38/$G$16 -> 0.03
D39: Estampillas Pro - Universidades. | E39: % | F39: 0.01 | H39: =+$G$16 -> 384279332 | J39: =+H39*F39 -> 3842793.3 | L39: =+J39/$G$16 -> 0.01
D40: Estampilla Prodesarrollo | E40: % | F40: 0.02 | H40: =+$G$16 -> 384279332 | J40: =+H40*F40 -> 7685586.6 | L40: =+J40/$G$16 -> 0.02
D41: Estampilla ProHospital | E41: % | F41: 0.01 | H41: =+$G$16 -> 384279332 | J41: =+H41*F41 -> 3842793.3 | L41: =+J41/$G$16 -> 0.01
D42: Estampilla ProCultura | E42: % | F42: 0.01 | H42: =+$G$16 -> 384279332 | J42: =+H42*F42 -> 3842793.3 | L42: =+J42/$G$16 -> 0.01
D43: Industria y Comercio 3,7 x 1.000 sobre valor total. | E43: % | F43: 0.0037 | H43: =+$G$16 -> 384279332 | J43: =+H43*F43 -> 1421833.5 | L43: =+J43/$G$16 -> 0.0037
D44: TOTAL GASTOS INDIRECTOS DE ADMINISTRACION. | K44: =SUM(K22:K43) -> 1.0914914e+08 | L44: =+ROUND(L27+L21,2) -> 0.28
D45: IMPREVISTO: | L45: 0
D46: UTILIDAD (+ IVA).: | K46: 0.05 | L46: 0.05
D47: A.I.U. | L47: =+L44+L45+L46 -> 0.33

Sheet APU 1
C3: Formulario 1 - Propuesta económica - Documento tipo de selección abreviada de menor cuantía - versión 3
C4: Código | D4: CCE-EICP-FM-25 | E4: Versión | F4: 3
C6: [La entidad podrá utilizar este formato para la presentación de los análisis de precios unitarios el contratista en la oportunidad prevista en el numeral 8.1. del Documento Base]
D9: [NOMBRE DE LA ENTIDAD]
L10: VERSIÓN
D11: [NÚMERO DEL PROCESO]
L12: PÁGINA | M12: 1 | N12: DE | O12: 1
D14: ANALISIS DE PRECIOS UNITARIOS
L16: FECHA | M16: DD | N16: MM | O16: AA
C18: ITEMS DE LA PROPUESTA ECONÓMICA | I18: ITEMS NO PREVISTOS
C22: DATOS ESPECÍFICOS
C24: ITEM | D24: DESCRIPCIÓN | M24: UNIDAD | O24: CANTIDAD
C25: =+'PRESUPUESTO OFICIAL (Entidad)'!C14 -> 1 | D25: =+'PRESUPUESTO OFICIAL (Entidad)'!G14 -> ROCERÍA Y LIMPIEZA MANUAL Y/O CON EQUIPO, CONTROL DE MALEZA Y CRECIMIENTO DE MATERIAL VEGETAL (INCLUYE RETIRO Y DISPOSICIÓN FINAL) | M25: =+'PRESUPUESTO OFICIAL (Entidad)'!H14 -> MES | O25: 1
C26: I. EQUIPO
C29: DESCRIPCIÓN | H29: MARCA | J29: TIPO | L29: TARIFA/HORA | M29: RENDIMIENTO | O29: Vr. UNITARIO
C30: Guadañadora cilindraje 38-58 cm3 | L30: 23505.615 | M30: 67.5 | O30: =+L30*M30 -> 1586629
C31: Sopladores a combustible o eléctricas | L31: 6069.525 | M31: 67.5 | O31: =+L31*M31 -> 409692.94
C32: Motosierra, 4.5 HP - 7.1 HP, longitud de espada 45-90 cm | L32: 5517.75 | M32: 13 | O32: =+L32*M32 -> 71730.75
C34: HERRAMIENTA MENOR | M34: 0.1 | O34: =+O59*M34 -> 1043165.4
C36: SUBTOTAL $ | O36: =SUM(O30:O35) -> 3111218.1
C37: II. MATERIALES
C40: DESCRIPCIÓN | K40: UNIDAD | L40: CANTIDAD | M40: PRECIO UNIT. | O40: Vr. UNITARIO
C41: Alisín o de similares | K41: litro | L41: 30 | M41: 66213 | O41: =+M41*L41 -> 1986390
C42: Plástico o polietileno | K42: Metro | L42: 15 | M42: 2207.1 | O42: =+M42*L42 -> 33106.5
C43: SUBTOTAL $ | O43: =SUM(O41:O42) -> 2019496.5
C44: III. TRANSPORTES
C47: MATERIAL | J47: VOL. o PESO | K47: DISTANCIA | L47: M3 o Ton/Km | M47: TARIFA | O47: Vr. UNITARIO
C48: Transporte de material desmontado | J48: 437.5 | K48: 2 | L48: =+J48*K48 -> 875 | M48: 1986.39 | O48: =+M48*L48 -> 1738091.2
C49: Disposicion final RCD | J49: 1.5 | K49: 1 | L49: =+J49*K49 -> 1.5 | M49: 29795.85 | O49: =+M49*L49 -> 44693.775
C50: SUBTOTAL $ | O50: =SUM(O48:O49) -> 1782785
C51: IV. MANO DE OBRA
C54: TRABAJADOR | J54: JORNAL | K54: PRESTACIONES | L54: JORNAL TOTAL | M54: RENDIMIENTO | O54: Vr. UNITARIO
C55: Guadañadores | E55: 3 | J55: =1750905*E55 -> 5252715 | K55: 1.489466 | L55: =+J55*K55 -> 7823740.4 | M55: 1 | O55: =+M55*L55 -> 7823740.4
C56: Operario de recoleccion | E56: 1 | J56: =1750905*E56 -> 1750905 | K56: 1.489466 | L56: =+J56*K56 -> 2607913.5 | M56: 1 | O56: =+M56*L56 -> 2607913.5
C59: SUBTOTAL $ | O59: =SUM(O55:O58) -> 10431654
C61: TOTAL COSTO DIRECTO $ | O61: =+O36+O43+O50+O59 -> 17345153
C62: V. COSTOS INDIRECTOS
C65: Descripción | L65: Porcentaje | M65: Valor Total
C66: ADMINISTRACION | L66: 0.28 | M66: =+$O$61*L66 -> 4856643
C67: IMPREVISTOS | L67: 0 | M67: =+$O$61*L67 -> 0
C68: UTILIDAD | L68: 0.05 | M68: =+$O$61*L68 -> 867257.67
C69: SUBTOTAL $ | O69: =SUM(M66:N68) -> 5723900.6
C71: Precio Unitario Total Aproximado al peso $ | O71: =+O61+O69 -> 23069054
H75: Firma
H76: Nombre:
H77: Representante Legal del Contratista o su Apoderado
H78: Matricula No. :
C80: OBSERVACIONES INTERVENTORÍA
C84: APROBACIÓN POR INTERVENTORÍA
C85: Nota 1: Cuando se trate de Análisis de precios unitarios correspondientes a ítems de la propuesta económica aprobada, el Interventor aprueba el desglose de los componentes manteniendo el mismo precio unitario de cada ítem, cumpliendo con las especificaciones de construcción vigentes para el proyecto.
C87: Nota 2: Cuando se trate de Análisis de precios unitarios de ítems no previstos, el Interventor aprueba el desglose y precio unitario de cada ítem no previsto, exigiendo la aplicación de los costos correspondientes a insumos y tarifas de la propuesta económica inicial cuando estén contemplados, cumpliendo con las especificaciones de construcción vigente para el proyecto.
H90: Firma
H91: Nombre:
H92: Representante Legal del Interventor o su Apoderado
H93: Matricula No. :

Sheet APU 2
C3: Formulario 1 - Propuesta económica - Documento tipo de selección abreviada de menor cuantía - versión 3
C4: Código | D4: CCE-EICP-FM-25 | E4: Versión | F4: 3
C6: [La entidad podrá utilizar este formato para la presentación de los análisis de precios unitarios el contratista en la oportunidad prevista en el numeral 8.1. del Documento Base]
D9: [NOMBRE DE LA ENTIDAD]
L10: VERSIÓN
D11: [NÚMERO DEL PROCESO]
L12: PÁGINA | M12: 1 | N12: DE | O12: 1
D14: ANALISIS DE PRECIOS UNITARIOS
L16: FECHA | M16: DD | N16: MM | O16: AA
C18: ITEMS DE LA PROPUESTA ECONÓMICA | I18: ITEMS NO PREVISTOS
C22: DATOS ESPECÍFICOS
C24: ITEM | D24: DESCRIPCIÓN | M24: UNIDAD | O24: CANTIDAD
C25: =+'PRESUPUESTO OFICIAL (Entidad)'!C15 -> 2 | D25: =+'PRESUPUESTO OFICIAL (Entidad)'!G15 -> MANTENIMIENTO DE JARDINES (INCLUYE DISPOSICIÓN FINAL Y CONTROL DE MALEZA Y CRECIMIENTO DE MATERIAL VEGETAL) | M25: =+'PRESUPUESTO OFICIAL (Entidad)'!H15 -> MES | O25: 1
C26: I. EQUIPO
C29: DESCRIPCIÓN | H29: MARCA | J29: TIPO | L29: TARIFA/HORA | M29: RENDIMIENTO | O29: Vr. UNITARIO
C34: HERRAMIENTA MENOR | M34: 0.15 | O34: =+O62*M34 -> 891906.54
C36: SUBTOTAL $ | O36: =SUM(O30:O35) -> 891906.54
C37: II. MATERIALES
C40: DESCRIPCIÓN | K40: UNIDAD | L40: CANTIDAD | M40: PRECIO UNIT. | O40: Vr. UNITARIO
C41: Triple 15 | K41: Bulto | L41: 1.5 | M41: =139650*1.51 -> 210871.5 | O41: =+M41*L41 -> 316307.25
C42: Urea | K42: Bulto | L42: 1.2 | M42: =113400*1.51 -> 171234 | O42: =+M42*L42 -> 205480.8
C43: Fungicida | K43: Litro | L43: 3 | M43: =23100*1.51 -> 34881 | O43: =+M43*L43 -> 104643
C44: plaguicida | K44: Litro | L44: 3 | M44: =60900*1.51 -> 91959 | O44: =+M44*L44 -> 275877
C45: Plástico o polietileno | K45: Metro | L45: 10 | M45: =2100*1.51 -> 3171 | O45: =+M45*L45 -> 31710
C46: SUBTOTAL $ | O46: =SUM(O41:O45) -> 934018.05
C47: III. TRANSPORTES
C50: MATERIAL | J50: VOL. o PESO | K50: DISTANCIA | L50: M3 o Ton/Km | M50: TARIFA | O50: Vr. UNITARIO
C51: Transporte de material desmontado | J51: 35 | K51: 2 | L51: =+J51*K51 -> 70 | M51: 1986.39 | O51: =+M51*L51 -> 139047.3
O52: =+M52*L52 -> 0
C53: SUBTOTAL $ | O53: =SUM(O51:O52) -> 139047.3
C54: IV. MANO DE OBRA
C57: TRABAJADOR | J57: JORNAL | K57: PRESTACIONES | L57: JORNAL TOTAL | M57: RENDIMIENTO | O57: Vr. UNITARIO
C58: Jardinero | E58: 2 | J58: =1996032*E58 -> 3992064 | K58: 1.489466 | L58: =+J58*K58 -> 5946043.6 | M58: 1 | O58: =+M58*L58 -> 5946043.6
C62: SUBTOTAL $ | O62: =SUM(O58:O61) -> 5946043.6
C64: TOTAL COSTO DIRECTO $ | O64: =+O36+O46+O53+O62 -> 7911015.5
C65: V. COSTOS INDIRECTOS
C68: Descripción | L68: Porcentaje | M68: Valor Total
C69: ADMINISTRACION | L69: 0.28 | M69: =+$O$64*L69 -> 2215084.3
C70: IMPREVISTOS | L70: 0 | M70: =+$O$64*L70 -> 0
C71: UTILIDAD | L71: 0.05 | M71: =+$O$64*L71 -> 395550.77
C72: SUBTOTAL $ | O72: =SUM(M69:N71) -> 2610635.1
C74: Precio Unitario Total Aproximado al peso $ | O74: =+O64+O72 -> 10521651
H78: Firma
H79: Nombre:
H80: Representante Legal del Contratista o su Apoderado
H81: Matricula No. :
C83: OBSERVACIONES INTERVENTORÍA
C87: APROBACIÓN POR INTERVENTORÍA
C88: Nota 1: Cuando se trate de Análisis de precios unitarios correspondientes a ítems de la propuesta económica aprobada, el Interventor aprueba el desglose de los componentes manteniendo el mismo precio unitario de cada ítem, cumpliendo con las especificaciones de construcción vigentes para el proyecto.
C90: Nota 2: Cuando se trate de Análisis de precios unitarios de ítems no previstos, el Interventor aprueba el desglose y precio unitario de cada ítem no previsto, exigiendo la aplicación de los costos correspondientes a insumos y tarifas de la propuesta económica inicial cuando estén contemplados, cumpliendo con las especificaciones de construcción vigente para el proyecto.
H93: Firma
H94: Nombre:
H95: Representante Legal del Interventor o su Apoderado
H96: Matricula No. :

Sheet APU 3
C3: Formulario 1 - Propuesta económica - Documento tipo de selección abreviada de menor cuantía - versión 3
C4: Código | D4: CCE-EICP-FM-25 | E4: Versión | F4: 3
C6: [La entidad podrá utilizar este formato para la presentación de los análisis de precios unitarios el contratista en la oportunidad prevista en el numeral 8.1. del Documento Base]
D9: [NOMBRE DE LA ENTIDAD]
L10: VERSIÓN
D11: [NÚMERO DEL PROCESO]
L12: PÁGINA | M12: 1 | N12: DE | O12: 1
D14: ANALISIS DE PRECIOS UNITARIOS
L16: FECHA | M16: DD | N16: MM | O16: AA
C18: ITEMS DE LA PROPUESTA ECONÓMICA | I18: ITEMS NO PREVISTOS
C22: DATOS ESPECÍFICOS
C24: ITEM | D24: DESCRIPCIÓN | M24: UNIDAD | O24: CANTIDAD
C25: =+'PRESUPUESTO OFICIAL (Entidad)'!C16 -> 3 | D25: =+'PRESUPUESTO OFICIAL (Entidad)'!G16 -> LIMPIEZA DE CANALES Y CUNETAS (INCLUYE RETIRO Y DISPOSICIÓN FINAL) | M25: =+'PRESUPUESTO OFICIAL (Entidad)'!H16 -> MES | O25: 1
C26: I. EQUIPO
C29: DESCRIPCIÓN | H29: MARCA | J29: TIPO | L29: TARIFA/HORA | M29: RENDIMIENTO | O29: Vr. UNITARIO
C34: HERRAMIENTA MENOR | M34: 0.05 | O34: =+O62*M34 -> 297302.18
C36: SUBTOTAL $ | O36: =SUM(O30:O35) -> 297302.18
C37: II. MATERIALES
C40: DESCRIPCIÓN | K40: UNIDAD | L40: CANTIDAD | M40: PRECIO UNIT. | O40: Vr. UNITARIO
O41: =+M41*L41 -> 0
O42: =+M42*L42 -> 0
O43: =+M43*L43 -> 0
O44: =+M44*L44 -> 0
O45: =+M45*L45 -> 0
C46: SUBTOTAL $ | O46: =SUM(O41:O45) -> 0
C47: III. TRANSPORTES
C50: MATERIAL | J50: VOL. o PESO | K50: DISTANCIA | L50: M3 o Ton/Km | M50: TARIFA | O50: Vr. UNITARIO
C51: Transporte de material desmontado | J51: 1 | K51: 2 | L51: =+J51*K51 -> 2 | M51: 1986.39 | O51: =+M51*L51 -> 3972.78
C52: Disposicion final RCD | J52: 1 | K52: 1 | L52: =+J52*K52 -> 1 | M52: 29795.85 | O52: =+M52*L52 -> 29795.85
C53: SUBTOTAL $ | O53: =SUM(O51:O52) -> 33768.63
C54: IV. MANO DE OBRA
C57: TRABAJADOR | J57: JORNAL | K57: PRESTACIONES | L57: JORNAL TOTAL | M57: RENDIMIENTO | O57: Vr. UNITARIO
C58: Operarios | E58: 2 | J58: =1996032*E58 -> 3992064 | K58: 1.489466 | L58: =+J58*K58 -> 5946043.6 | M58: 1 | O58: =+M58*L58 -> 5946043.6
C62: SUBTOTAL $ | O62: =SUM(O58:O61) -> 5946043.6
C64: TOTAL COSTO DIRECTO $ | O64: =+O36+O46+O53+O62 -> 6277114.4
C65: V. COSTOS INDIRECTOS
C68: Descripción | L68: Porcentaje | M68: Valor Total
C69: ADMINISTRACION | L69: 0.28 | M69: =+$O$64*L69 -> 1757592
C70: IMPREVISTOS | L70: 0 | M70: =+$O$64*L70 -> 0
C71: UTILIDAD | L71: 0.05 | M71: =+$O$64*L71 -> 313855.72
C72: SUBTOTAL $ | O72: =SUM(M69:N71) -> 2071447.8
C74: Precio Unitario Total Aproximado al peso $ | O74: =+O64+O72 -> 8348562.2
H78: Firma
H79: Nombre:
H80: Representante Legal del Contratista o su Apoderado
H81: Matricula No. :
C83: OBSERVACIONES INTERVENTORÍA
C87: APROBACIÓN POR INTERVENTORÍA
C88: Nota 1: Cuando se trate de Análisis de precios unitarios correspondientes a ítems de la propuesta económica aprobada, el Interventor aprueba el desglose de los componentes manteniendo el mismo precio unitario de cada ítem, cumpliendo con las especificaciones de construcción vigentes para el proyecto.
C90: Nota 2: Cuando se trate de Análisis de precios unitarios de ítems no previstos, el Interventor aprueba el desglose y precio unitario de cada ítem no previsto, exigiendo la aplicación de los costos correspondientes a insumos y tarifas de la propuesta económica inicial cuando estén contemplados, cumpliendo con las especificaciones de construcción vigente para el proyecto.
H93: Firma
H94: Nombre:
H95: Representante Legal del Interventor o su Apoderado
H96: Matricula No. :

Sheet APU 4
C3: Formulario 1 - Propuesta económica - Documento tipo de selección abreviada de menor cuantía - versión 3
C4: Código | D4: CCE-EICP-FM-25 | E4: Versión | F4: 3
C6: [La entidad podrá utilizar este formato para la presentación de los análisis de precios unitarios el contratista en la oportunidad prevista en el numeral 8.1. del Documento Base]
D9: [NOMBRE DE LA ENTIDAD]
L10: VERSIÓN
D11: [NÚMERO DEL PROCESO]
L12: PÁGINA | M12: 1 | N12: DE | O12: 1
D14: ANALISIS DE PRECIOS UNITARIOS
L16: FECHA | M16: DD | N16: MM | O16: AA
C18: ITEMS DE LA PROPUESTA ECONÓMICA | I18: ITEMS NO PREVISTOS
C22: DATOS ESPECÍFICOS
C24: ITEM | D24: DESCRIPCIÓN | M24: UNIDAD | O24: CANTIDAD
C25: =+'PRESUPUESTO OFICIAL (Entidad)'!C17 -> 4 | D25: =+'PRESUPUESTO OFICIAL (Entidad)'!G17 -> DESCOPE Y LIMPIEZA DE CERCA VIVA EN ALTURAS SUPERIORES A 2,50 - 6 M(INCLUYE RETIRO Y DISPOSICION FINAL) | M25: =+'PRESUPUESTO OFICIAL (Entidad)'!H17 -> UND | O25: 1
C26: I. EQUIPO
C29: DESCRIPCIÓN | H29: MARCA | J29: TIPO | L29: TARIFA/HORA | M29: RENDIMIENTO | O29: Vr. UNITARIO
C30: Guadañadora cilindraje 38-58 cm3 | L30: 23505.615 | M30: 16 | O30: =+L30*M30 -> 376089.84
C31: Sopladores a combustible o eléctricas | L31: 6069.525 | M31: 16 | O31: =+L31*M31 -> 97112.4
C32: Andamios certificados | L32: 1204446 | M32: 1 | O32: =+L32*M32 -> 1204446
C34: HERRAMIENTA MENOR | M34: 0.15 | O34: =+O59*M34 -> 782374.04
C36: SUBTOTAL $ | O36: =SUM(O30:O35) -> 2460022.3
C37: II. MATERIALES
C40: DESCRIPCIÓN | K40: UNIDAD | L40: CANTIDAD | M40: PRECIO UNIT. | O40: Vr. UNITARIO
C42: Plástico o polietileno | K42: Metro | L42: 10 | M42: 2207.1 | O42: =+M42*L42 -> 22071
C43: SUBTOTAL $ | O43: =SUM(O41:O42) -> 22071
C44: III. TRANSPORTES
C47: MATERIAL | J47: VOL. o PESO | K47: DISTANCIA | L47: M3 o Ton/Km | M47: TARIFA | O47: Vr. UNITARIO
C48: Transporte de material desmontado | J48: 35 | K48: 2 | L48: =+J48*K48 -> 70 | M48: 1986.39 | O48: =+M48*L48 -> 139047.3
C49: Disposicion final RCD | J49: 35 | K49: 1 | L49: =+J49*K49 -> 35 | M49: 29795.85 | O49: =+M49*L49 -> 1042854.8
C50: SUBTOTAL $ | O50: =SUM(O48:O49) -> 1181902.1
C51: IV. MANO DE OBRA
C54: TRABAJADOR | J54: JORNAL | K54: PRESTACIONES | L54: JORNAL TOTAL | M54: RENDIMIENTO | O54: Vr. UNITARIO
C55: Operarios | E55: 2 | J55: =1750905*E55 -> 3501810 | K55: 1.489466 | L55: =+J55*K55 -> 5215826.9 | M55: 1 | O55: =+M55*L55 -> 5215826.9
O56: =+M56*L56 -> 0
C59: SUBTOTAL $ | O59: =SUM(O55:O58) -> 5215826.9
C61: TOTAL COSTO DIRECTO $ | O61: =+O36+O43+O50+O59 -> 8879822.3
C62: V. COSTOS INDIRECTOS
C65: Descripción | L65: Porcentaje | M65: Valor Total
C66: ADMINISTRACION | L66: 0.28 | M66: =+$O$61*L66 -> 2486350.2
C67: IMPREVISTOS | L67: 0 | M67: =+$O$61*L67 -> 0
C68: UTILIDAD | L68: 0.05 | M68: =+$O$61*L68 -> 443991.11
C69: SUBTOTAL $ | O69: =SUM(M66:N68) -> 2930341.3
C71: Precio Unitario Total Aproximado al peso $ | O71: =+O61+O69 -> 11810164
H75: Firma
H76: Nombre:
H77: Representante Legal del Contratista o su Apoderado
H78: Matricula No. :
C80: OBSERVACIONES INTERVENTORÍA
C84: APROBACIÓN POR INTERVENTORÍA
C85: Nota 1: Cuando se trate de Análisis de precios unitarios correspondientes a ítems de la propuesta económica aprobada, el Interventor aprueba el desglose de los componentes manteniendo el mismo precio unitario de cada ítem, cumpliendo con las especificaciones de construcción vigentes para el proyecto.
C87: Nota 2: Cuando se trate de Análisis de precios unitarios de ítems no previstos, el Interventor aprueba el desglose y precio unitario de cada ítem no previsto, exigiendo la aplicación de los costos correspondientes a insumos y tarifas de la propuesta económica inicial cuando estén contemplados, cumpliendo con las especificaciones de construcción vigente para el proyecto.
H90: Firma
H91: Nombre:
H92: Representante Legal del Interventor o su Apoderado
H93: Matricula No. :

Sheet APU 5
C3: Formulario 1 - Propuesta económica - Documento tipo de selección abreviada de menor cuantía - versión 3
C4: Código | D4: CCE-EICP-FM-25 | E4: Versión | F4: 3
C6: [La entidad podrá utilizar este formato para la presentación de los análisis de precios unitarios el contratista en la oportunidad prevista en el numeral 8.1. del Documento Base]
D9: [NOMBRE DE LA ENTIDAD]
L10: VERSIÓN
D11: [NÚMERO DEL PROCESO]
L12: PÁGINA | M12: 1 | N12: DE | O12: 1
D14: ANALISIS DE PRECIOS UNITARIOS
L16: FECHA | M16: DD | N16: MM | O16: AA
C18: ITEMS DE LA PROPUESTA ECONÓMICA | I18: ITEMS NO PREVISTOS
C22: DATOS ESPECÍFICOS
C24: ITEM | D24: DESCRIPCIÓN | M24: UNIDAD | O24: CANTIDAD
C25: =+'PRESUPUESTO OFICIAL (Entidad)'!C18 -> 5 | D25: =+'PRESUPUESTO OFICIAL (Entidad)'!G18 -> OPERARIO DE SERVICIOS VARIOS | M25: =+'PRESUPUESTO OFICIAL (Entidad)'!H18 -> MES | O25: 1
C26: I. EQUIPO
C29: DESCRIPCIÓN | H29: MARCA | J29: TIPO | L29: TARIFA/HORA | M29: RENDIMIENTO | O29: Vr. UNITARIO
C34: HERRAMIENTA MENOR | M34: 0.15 | O34: =+O62*M34 -> 491523.78
C36: SUBTOTAL $ | O36: =SUM(O30:O35) -> 491523.78
C37: II. MATERIALES
C40: DESCRIPCIÓN | K40: UNIDAD | L40: CANTIDAD | M40: PRECIO UNIT. | O40: Vr. UNITARIO
O41: =+M41*L41 -> 0
O42: =+M42*L42 -> 0
O43: =+M43*L43 -> 0
O44: =+M44*L44 -> 0
O45: =+M45*L45 -> 0
C46: SUBTOTAL $ | O46: =SUM(O41:O45) -> 0
C47: III. TRANSPORTES
C50: MATERIAL | J50: VOL. o PESO | K50: DISTANCIA | L50: M3 o Ton/Km | M50: TARIFA | O50: Vr. UNITARIO
O51: =+M51*L51 -> 0
O52: =+M52*L52 -> 0
C53: SUBTOTAL $ | O53: =SUM(O51:O52) -> 0
C54: IV. MANO DE OBRA
C57: TRABAJADOR | J57: JORNAL | K57: PRESTACIONES | L57: JORNAL TOTAL | M57: RENDIMIENTO | O57: Vr. UNITARIO
C58: Operarios | E58: 1 | J58: 2200000 | K58: 1.489466 | L58: =+J58*K58 -> 3276825.2 | M58: 1 | O58: =+M58*L58 -> 3276825.2
C62: SUBTOTAL $ | O62: =SUM(O58:O61) -> 3276825.2
C64: TOTAL COSTO DIRECTO $ | O64: =+O36+O46+O53+O62 -> 3768349
C65: V. COSTOS INDIRECTOS
C68: Descripción | L68: Porcentaje | M68: Valor Total
C69: ADMINISTRACION | L69: 0.28 | M69: =+$O$64*L69 -> 1055137.7
C70: IMPREVISTOS | L70: 0 | M70: =+$O$64*L70 -> 0
C71: UTILIDAD | L71: 0.05 | M71: =+$O$64*L71 -> 188417.45
C72: SUBTOTAL $ | O72: =SUM(M69:N71) -> 1243555.2
C74: Precio Unitario Total Aproximado al peso $ | O74: =+O64+O72 -> 5011904.1
H78: Firma
H79: Nombre:
H80: Representante Legal del Contratista o su Apoderado
H81: Matricula No. :
C83: OBSERVACIONES INTERVENTORÍA
C87: APROBACIÓN POR INTERVENTORÍA
C88: Nota 1: Cuando se trate de Análisis de precios unitarios correspondientes a ítems de la propuesta económica aprobada, el Interventor aprueba el desglose de los componentes manteniendo el mismo precio unitario de cada ítem, cumpliendo con las especificaciones de construcción vigentes para el proyecto.
C90: Nota 2: Cuando se trate de Análisis de precios unitarios de ítems no previstos, el Interventor aprueba el desglose y precio unitario de cada ítem no previsto, exigiendo la aplicación de los costos correspondientes a insumos y tarifas de la propuesta económica inicial cuando estén contemplados, cumpliendo con las especificaciones de construcción vigente para el proyecto.
H93: Firma
H94: Nombre:
H95: Representante Legal del Interventor o su Apoderado
H96: Matricula No. :
